Map: Catalyseur EC

Players

alamo - Winner!

  • Race: Terran Terran
  • League: Diamond
  • Spawn Location: 11:00

HoldTheDoor

  • Race: Protoss Protoss
  • League: Diamond
  • Spawn Location: 5:00

VOD

Have the link to the VOD?

Description

Time

  • Played on: July 15, 2018, 12:41 p.m.
  • Length: 8:41
Show
View Real Time Build Order
Export as new Build Order

alamo Terran - Winner!

Build Orders: Reaper Expand 

Get SALT Encoding   

  12  0:00  SCV  
  13  0:13  SCV  
  14  0:18  Supply Depot  
  14  0:25  SCV  
  15  0:39  SCV  
  15  0:42  Barracks  
  16  0:46  Refinery  
  16  0:51  SCV  
  17  1:03  SCV  
  18  1:15  SCV  
  19  1:31  Reaper, Orbital Command  
  20  1:47  Command Center  
  20  2:02  SCV, Refinery  
  21  2:09  Supply Depot  
  21  2:13  Barracks Reactor  
  21  2:14  SCV  
  22  2:26  SCV  
  22  2:28  Bunker  
  23  2:33  Factory  
  23  2:38  SCV  
  24  2:51  SCV  
  24  2:52  Marine x2  
  27  2:59  Barracks  
  27  3:04  SCV  
  27  3:05  Orbital Command  
  28  3:10  Marine x2  
  32  3:20  Widow Mine  
  32  3:21  SCV  
  33  3:29  Marine x2  
  33  3:33  SCV  
  36  3:37  Supply Depot  
  36  3:41  Factory Tech Lab  
  36  3:46  Starport  
  36  3:47  SCV, Barracks Tech Lab  
  36  3:48  SCV  
  38  3:59  Engineering Bay, SCV  
  38  4:00  SCV  
  40  4:07  Stimpack  
  40  4:08  Marine x2  
  42  4:11  SCV  
  42  4:12  Widow Mine  
  45  4:17  SCV  
  45  4:18  Supply Depot  
  46  4:25  Marine  
  46  4:26  Marine  
  46  4:30  SCV x2  
  50  4:34  Cloaking Field, Banshee  
  53  4:40  Terran Infantry Weapons Level 1  
  53  4:41  Missile Turret  
  53  4:44  Supply Depot  
  54  4:45  SCV  
  54  4:52  Factory Tech Lab  
  54  4:56  SCV  
  54  4:57  SCV  
  54  4:58  Barracks  
  56  5:07  Supply Depot  
  56  5:09  Marine x3  
  56  5:11  Siege Tank  
  62  5:17  Banshee  
  62  5:21  SCV x2  
  67  5:25  Engineering Bay  
  67  5:28  Refinery  
  67  5:29  Refinery  
  67  5:33  SCV x2  
  67  5:34  Supply Depot  
  69  5:44  Command Center  
  69  5:45  Widow Mine  
  69  5:47  Marine x2  
  69  5:48  Barracks Reactor  
  73  6:40  Marine  
  73  6:41  Marine x3  
  73  6:43  Marauder  
  79  6:58  Marine  
  73  7:11  Command Center, Orbital Command  
  73  7:13  Marine x4  
  63  7:16  Marine  
  62  7:30  Marine  
  62  7:31  Marine x3  
  62  7:34  Marine  
  70  7:47  Missile Turret  
  70  7:48  Marine  
  70  7:49  Marine x3  
  74  7:51  Armory  
  74  7:52  Marine  
  75  8:01  Cyclone  
  78  8:06  Marine  
Show
View Real Time Build Order
Export as new Build Order

HoldTheDoor Protoss 

Build Orders:  

Get SALT Encoding   

  12  0:00  Probe  
  13  0:13  Probe  
  14  0:18  Pylon  
  14  0:25  Probe  
  15  0:35  Probe  
  15  0:39  Gateway  
  16  0:44  Assimilator  
  16  0:45  Probe  
  17  0:54  Probe  
  17  0:55  Assimilator  
  18  1:06  Probe  
  19  1:18  Probe  
  20  1:28  Cybernetics Core  
  20  1:30  Probe  
  21  1:37  Pylon  
  21  1:40  Pylon  
  21  1:41  Probe  
  22  1:50  Probe  
  23  1:58  Probe  
  23  2:04  Stalker  
  23  2:06  Warp Gate  
  26  2:09  Probe  
  26  2:15  Stargate  
  27  2:21  Probe  
  28  2:26  Pylon  
  28  2:33  Probe  
  28  2:34  Stalker  
  31  2:51  Void Ray  
  31  2:52  Probe  
  32  3:04  Probe  
  37  3:10  Stalker  
  39  3:23  Probe  
  40  3:29  Nexus  
  40  3:35  Probe, Pylon  
  40  3:37  Protoss Air Armor Level 1  
  41  3:49  Void Ray  
  41  3:52  Probe  
  46  4:05  Probe  
  47  4:10  Pylon  
  48  4:17  Probe  
  48  4:20  Assimilator  
  48  4:24  Pylon  
  48  4:29  Probe  
  49  4:35  Void Ray  
  53  4:40  Probe  
  54  4:49  Probe, Pylon  
  56  4:52  Probe  
  56  5:01  Probe  
  56  5:03  Assimilator  
  56  5:04  Probe  
  56  5:05  Pylon  
  58  5:09  Shield Battery  
  58  5:12  Stalker  
  60  5:14  Protoss Air Weapons Level 1  
  60  5:21  Void Ray  
  64  5:27  Probe  
  64  5:28  Probe  
  66  5:39  Probe  
  66  5:41  Stargate  
  67  5:43  Pylon  
  67  5:52  Probe  
  67  5:53  Probe  
  67  5:57  Stalker  
  71  5:59  Void Ray  
  69  6:22  Stalker  
  69  6:34  Void Ray  
  69  6:37  Void Ray  
  77  7:04  Stalker  
  71  7:12  Probe x2  
  63  7:23  Void Ray  
  67  7:47  Probe x2  
  69  7:59  Probe x2  
  69  8:03  Forge  
  69  8:05  Gateway  
  71  8:07  Gateway  
  71  8:09  Gateway  
  79  8:29  Pylon  
  79  8:33  Pylon  
Tags
 
Add a new tag
Caveats
  • Supply blocks, unpowered buildings, or Contaminate may cause inaccurate times.
  • Supply counts are checked every 10 seconds.